[Event "Titled Tuesday Blitz November 08 Late 2022"]
[White "Harvey, Marcus R"]
[Black "Kim, Sergey"]
[WhiteFideId "400092"]
[BlackFideId "13700570"]
[WhiteElo "2457"]
[BlackElo "2590"]
[Result "1-0"]
[Round "08"]
[TimeControl "180+1"]
[Date "2022.11.08"]
[WhiteClock "0:01:03"]
[BlackClock "0:00:55"]

1. b3 Nf6 2. Bb2 g6 3. g3 Bg7 4. Bg2 O-O 5. c4 d6 6. d4 e5 7. dxe5 Nfd7 8. Nc3 dxe5 9. h4 h5 10. Qd2 c6 11. Ne4 a5 12. Rd1 a4 13. b4 a3 14. Bc3 Qe7 15. Nd6 Nb6 16. c5 Na4 17. Ba1 Be6 18. Nf3 Bd5 19. e4 Be6 20. Ng5 Bg4 21. f3 Bc8 22. Nxc8 Rxc8 23. Bh3 Rf8 24. O-O Na6 25. Rb1 Rfd8 26. Qc2 Nc7 27. Rfd1 Nb5 28. Rxd8+ Qxd8 29. Rd1 Nd4 30. Bxd4 exd4 31. f4 Nb2 32. Qb3 Nxd1 33. Qxf7+ Kh8 34. Qxg6 Kg8 35. Be6+ 1-0


[Site "https://www.chess.com"]

[Event "Titled Tuesday Blitz November 08 Late 2022"]
[White "Haszon, David"]
[Black "Adewumi, Tanitoluwa"]
[WhiteFideId "733610"]
[BlackFideId "30966396"]
[WhiteElo "2211"]
[BlackElo "2553"]
[Result "0-1"]
[Round "08"]
[TimeControl "180+1"]
[Date "2022.11.09"]
[WhiteClock "0:00:27"]
[BlackClock "0:01:24"]

1. e4 c5 2. Nf3 e6 3. b3 Nc6 4. Bb2 Nf6 5. Nc3 d5 6. exd5 exd5 7. Bb5 d4 8. Qe2+ Be7 9. Ne4 O-O 10. O-O Re8 11. Bxc6 bxc6 12. Rfe1 Be6 13. Nxf6+ Bxf6 14. Qd3 Rb8 15. Ba3 Qa5 16. Bc1 Bd5 17. Rxe8+ Rxe8 18. Bb2 h6 19. c4 Be4 20. Qe2 d3 0-1


[Site "https://www.chess.com"]

[Event "Titled Tuesday Blitz November 08 Late 2022"]
[White "Hoffmann, Asa"]
[Black "Lopez Martinez, Josep Manuel"]
[WhiteFideId "2001470"]
[BlackFideId "2212943"]
[WhiteElo "2117"]
[BlackElo "2471"]
[Result "0-1"]
[Round "08"]
[TimeControl "180+1"]
[Date "2022.11.09"]
[WhiteClock "0:00:28"]
[BlackClock "0:00:57"]

1. d4 d5 2. Bg5 c6 3. e3 Qb6 4. b3 h6 5. Bh4 e5 6. Nf3 Nd7 7. Be2 Bd6 8. O-O e4 9. Nfd2 Ne7 10. c4 Qc7 11. Bg3 Bxg3 12. fxg3 Nf6 13. Nc3 h5 14. Rc1 Qd8 15. Rf2 h4 16. gxh4 Rxh4 17. h3 a6 18. Qf1 Be6 19. Rf4 Rh7 20. Nd1 Ng6 21. Rf2 Qd6 22. Rf4 Nxf4 23. exf4 dxc4 24. Nxc4 Qxd4+ 25. Nf2 e3 26. Nd3 Ne4 27. f5 Ng3 28. fxe6 Nxf1 29. exf7+ Kxf7 30. Rxf1+ Kg8 31. Rf3 Rf8 32. Rxe3 Re8 33. Kf2 b5 34. Nce5 Rh6 35. Nf3 Qxe3+ 0-1


[Site "https://www.chess.com"]

[Event "Titled Tuesday Blitz November 08 Late 2022"]
[White "Holt, Conrad"]
[Black "Preotu, Razvan"]
[WhiteFideId "2034387"]
[BlackFideId "2613280"]
[WhiteElo "2592"]
[BlackElo "2407"]
[Result "0-1"]
[Round "08"]
[TimeControl "180+1"]
[Date "2022.11.08"]
[WhiteClock "0:00:05"]
[BlackClock "0:00:06"]

1. d4 Nf6 2. c4 g6 3. Nc3 d5 4. e3 Bg7 5. Qb3 e6 6. Qa3 c6 7. b3 a5 8. Nf3 Na6 9. Be2 Nb4 10. Qb2 c5 11. O-O O-O 12. Rd1 Ne4 13. Bd2 cxd4 14. exd4 Nxd2 15. Qxd2 Nc6 16. Rac1 dxc4 17. Bxc4 Qb6 18. d5 exd5 19. Nxd5 Qa7 20. Qf4 Bf5 21. Ne3 Qb8 22. Qxb8 Raxb8 23. Nxf5 gxf5 24. Rd7 Nb4 25. a4 Bf6 26. g3 Kg7 27. Rcd1 b6 28. R1d6 Rbd8 29. Kg2 Rxd7 30. Rxd7 Na2 31. Rb7 Nc3 32. Rxb6 Re8 33. Ra6 Bd8 34. Ra8 Kf8 35. Nd4 f4 36. Nf5 Bc7 37. Ra7 Rc8 38. Ba6 Bb6 39. Rxf7+ Kxf7 40. Bxc8 Kf6 41. Nh4 fxg3 42. hxg3 Ne4 43. f3 Nc5 44. f4 Nxb3 45. Bd7 Nc5 46. Bb5 Ne4 47. Kf3 Nc3 48. Bc6 h6 49. Ng2 Ke6 50. Ne1 Kd6 51. Be8 Ke7 52. Bb5 Nxb5 53. axb5 a4 54. Nc2 Kd6 55. Ke4 Kc5 56. f5 Kxb5 57. Kd5 Bc5 58. f6 a3 59. g4 a2 60. Ke6 Kc4 61. Kf5 Kc3 62. Na1 Kb2 63. Kg6 Kxa1 64. Kxh6 Kb2 65. g5 a1=Q 66. g6 Qf1 67. g7 Qxf6+ 68. Kh7 Qf7 69. Kh6 Be3+ 70. Kh7 Bd4 71. Kh6 Qxg7+ 72. Kh5 Be3 73. Kh4 Bf4 74. Kh3 Qg3# 0-1


[Site "https://www.chess.com"]

[Event "Titled Tuesday Blitz November 08 Late 2022"]
[White "Hryzlova, Sofiia"]
[Black "Fernandez Guillen, Ernesto J."]
[WhiteFideId "14174669"]
[BlackFideId "3512428"]
[WhiteElo "1992"]
[BlackElo "2450"]
[Result "0-1"]
[Round "08"]
[TimeControl "180+1"]
[Date "2022.11.08"]
[WhiteClock "0:02:18"]
[BlackClock "0:01:51"]

1. c4 e5 2. Nc3 Nc6 3. g3 g6 4. Bg2 Bg7 5. Nf3 f5 6. d3 Nf6 7. O-O O-O 8. Rb1 d6 9. b4 h6 10. b5 Ne7 11. Nd2 g5 12. Nd5 Nexd5 13. cxd5 f4 14. Bb2 Bf5 15. Qc2 Rf7 16. a4 h5 17. Rfc1 Bh6 18. Ne4 Bxe4 19. dxe4 g4 20. a5 b6 21. a6 h4 22. Rd1 Nh5 23. Rd3 Qf6 24. Rf1 Raf8 25. Bc1 fxg3 26. fxg3 Qxf1+ 0-1


[Site "https://www.chess.com"]

[Event "Titled Tuesday Blitz November 08 Late 2022"]
[White "Ibadov, Dashgyn"]
[Black "Sargsyan, Anna M."]
[WhiteFideId "24107514"]
[BlackFideId "13308130"]
[WhiteElo "2208"]
[BlackElo "2284"]
[Result "0-1"]
[Round "08"]
[TimeControl "180+1"]
[Date "2022.11.09"]
[WhiteClock "0:01:10"]
[BlackClock "0:01:18"]

1. e4 c6 2. d4 d5 3. e5 Bf5 4. Nf3 e6 5. Be2 Nd7 6. O-O h6 7. a4 Ne7 8. a5 Qc7 9. b4 g5 10. Nc3 Bg7 11. Bd3 O-O 12. Na4 f6 13. exf6 Rxf6 14. Bxf5 Nxf5 15. Nc5 Nxc5 16. bxc5 Rf7 17. c3 e5 18. Nxe5 Bxe5 19. dxe5 Qxe5 20. Re1 Qxc3 21. Rb1 Qxc5 22. Qh5 Ng7 23. Qe2 Re8 24. Be3 d4 25. Rec1 Qxa5 26. Bd2 Rxe2 27. Bxa5 Rfxf2 28. Rxb7 Rxg2+ 29. Kf1 Nf5 0-1


[Site "https://www.chess.com"]

[Event "Titled Tuesday Blitz November 08 Late 2022"]
[White "Janaszak, Dawid"]
[Black "Howell, David W L"]
[WhiteFideId "1119206"]
[BlackFideId "410608"]
[WhiteElo "2226"]
[BlackElo "2567"]
[Result "0-1"]
[Round "08"]
[TimeControl "180+1"]
[Date "2022.11.09"]
[WhiteClock "0:00:07"]
[BlackClock "0:00:04"]

1. e4 g6 2. Nc3 Bg7 3. Bc4 e6 4. h4 h6 5. h5 g5 6. d4 Nc6 7. Nge2 Nge7 8. f4 d5 9. Bb3 g4 10. e5 Nf5 11. Nb1 Na5 12. Qd3 Bd7 13. Ng3 Nxb3 14. axb3 Bf8 15. Nc3 c6 16. Bd2 Be7 17. Nxf5 exf5 18. Nd1 Be6 19. Ne3 Qd7 20. b4 O-O 21. c3 a6 22. g3 Kh8 23. Kf2 Rg8 24. Kg2 Raf8 25. Rae1 f6 26. Nd1 fxe5 27. fxe5 f4 28. Bxf4 Bf5 29. Qd2 Bg5 30. Nf2 Bxf4 31. gxf4 g3 32. Nh3 Be4+ 33. Rxe4 dxe4 34. f5 Rxf5 35. Qxh6+ Qh7 36. Qxh7+ Kxh7 37. Re1 Rg4 38. Re3 Kh6 39. e6 Rf6 40. Ng1 Rxe6 41. Ne2 Kxh5 42. Nxg3+ Kg5 43. Kf2 Rf6+ 44. Ke2 Rff4 45. c4 Kh4 46. Nf1 Rg2+ 47. Ke1 Rg1 0-1


[Site "https://www.chess.com"]

[Event "Titled Tuesday Blitz November 08 Late 2022"]
[White "Jobava, Baadur"]
[Black "Bluebaum, Matthias"]
[WhiteFideId "13601520"]
[BlackFideId "24651516"]
[WhiteElo "2582"]
[BlackElo "2633"]
[Result "0-1"]
[Round "08"]
[TimeControl "180+1"]
[Date "2022.11.08"]
[WhiteClock "0:00:03"]
[BlackClock "0:00:20"]

1. b3 d5 2. Bb2 Bf5 3. d3 e6 4. Nd2 Nf6 5. g3 a5 6. a3 a4 7. b4 c5 8. bxc5 Bxc5 9. e3 Nc6 10. Bg2 h6 11. Ngf3 O-O 12. O-O Qe7 13. Qe2 Bh7 14. Rfb1 Rfb8 15. Ne5 Bd6 16. Ndf3 Nxe5 17. Bxe5 b5 18. Qd2 Rb6 19. Bxd6 Qxd6 20. Rb4 e5 21. Rab1 Rab8 22. h4 Bf5 23. Qc3 d4 24. exd4 Nd5 25. Qc5 Nxb4 26. Rxb4 Qxc5 27. dxc5 Rc6 28. Nd4 Rxc5 29. Nxf5 Rxc2 30. Ne7+ Kh8 31. Nc6 Rb6 32. Nxe5 Rc3 33. Nxf7+ Kg8 34. Ne5 Rxa3 35. Bc6 Rc3 36. Bxb5 a3 37. Bc4+ Rxc4 38. Rxb6 Rc1+ 39. Kg2 a2 40. Ra6 a1=Q 41. Rxa1 Rxa1 42. d4 Rd1 43. Nf3 Kf7 44. h5 Ke6 45. g4 Kd5 46. Kg3 Ke4 47. Nh4 Rxd4 48. Nf5 Rd3+ 49. Kg2 Kf4 50. Nxg7 Kxg4 51. Ne6 Rd6 52. f3+ Kxh5 53. Nf4+ Kg5 54. Nh3+ Kh4 55. Nf4 Rd2+ 56. Kf1 Kg3 57. Ne2+ Kxf3 58. Ng1+ Kg3 59. Ne2+ Rxe2 60. Kxe2 Kg2 0-1


[Site "https://www.chess.com"]

[Event "Titled Tuesday Blitz November 08 Late 2022"]
[White "Jorquera, Marcelo"]
[Black "Lopez Perdomo, Juan David"]
[WhiteFideId "3401197"]
[BlackFideId "4405137"]
[WhiteElo "2136"]
[BlackElo "1965"]
[Result "1-0"]
[Round "08"]
[TimeControl "180+1"]
[Date "2022.11.09"]
[WhiteClock "0:00:30"]
[BlackClock "0:00:13"]

1. e4 e6 2. d4 d5 3. Nc3 Bb4 4. Bd2 Nf6 5. e5 Nfd7 6. Qg4 Kf8 7. f4 f5 8. Qd1 c5 9. Nb5 Bxd2+ 10. Qxd2 cxd4 11. Nf3 Nc5 12. Bd3 Ne4 13. Bxe4 dxe4 14. Nfxd4 Nc6 15. O-O-O Nxd4 16. Qxd4 Qxd4 17. Rxd4 Ke7 18. Rhd1 a6 19. Nd6 Bd7 20. Nxf5+ exf5 21. Rxd7+ Kf8 22. Rxb7 Ke8 23. Rdd7 Rd8 24. Rxd8+ Kxd8 25. Rb8+ Ke7 26. Rxh8 Ke6 27. Kd2 Kd5 28. h4 g5 29. hxg5 h5 30. gxh6 a5 31. Ke3 a4 32. a3 Kc4 33. h7 Kb5 34. Rc8 Ka5 35. h8=Q Kb5 36. Qf8 Ka5 37. Qb4+ Ka6 38. Ra8# 1-0


[Site "https://www.chess.com"]

[Event "Titled Tuesday Blitz November 08 Late 2022"]
[White "Joubert, Dantelle"]
[Black "Barash, Anton"]
[WhiteFideId "14310813"]
[BlackFideId "30935229"]
[WhiteElo "1507"]
[BlackElo "2284"]
[Result "1-0"]
[Round "08"]
[TimeControl "180+1"]
[Date "2022.11.09"]
[WhiteClock "0:00:19"]
[BlackClock "0:00:09"]

1. d4 Nf6 2. c4 g6 3. Nc3 Bg7 4. e4 d6 5. Nf3 O-O 6. Be2 c5 7. d5 e6 8. O-O exd5 9. cxd5 Re8 10. Qc2 Bg4 11. h3 Bxf3 12. Bxf3 Nbd7 13. Be2 Qe7 14. f3 Nh5 15. Bb5 a6 16. Bxd7 Qxd7 17. g4 Bd4+ 18. Kg2 Nf6 19. Ne2 Rac8 20. Nxd4 cxd4 21. Qd3 Qb5 22. Qxd4 Rc2+ 23. Rf2 Rxf2+ 24. Kxf2 Nd7 25. Bh6 Ne5 26. f4 Qxb2+ 27. Qxb2 Nd3+ 28. Kf3 Nxb2 29. Rb1 Nd3 30. Rxb7 Nc5 31. Rb4 a5 32. Rc4 f6 33. g5 Kf7 34. gxf6 Kxf6 35. e5+ Kf5 36. exd6 Nd7 37. Rc7 Rd8 38. Bg5 Nf6 39. Rf7 Rxd6 40. Rxf6+ Rxf6 41. Bxf6 Kxf6 42. Ke4 Ke7 43. Ke5 Kd7 44. Kf6 Kd6 45. Kg7 Kxd5 46. Kxh7 Kc4 47. Kxg6 Kc3 48. f5 Kb2 49. f6 Kxa2 50. f7 Kb2 51. f8=Q a4 52. Qf6+ Kb1 53. h4 a3 54. h5 1-0


[Site "https://www.chess.com"]

[Event "Titled Tuesday Blitz November 08 Late 2022"]
[White "Kaganskiy, Gleb"]
[Black "Mesa Cruz, Juan Carlos"]
[WhiteFideId "4132025"]
[BlackFideId "6423400"]
[WhiteElo "2165"]
[BlackElo "2059"]
[Result "0-1"]
[Round "08"]
[TimeControl "180+1"]
[Date "2022.11.09"]
[WhiteClock "0:00:40"]
[BlackClock "0:00:48"]

1. e4 c5 2. Nf3 d6 3. Nc3 Nf6 4. e5 dxe5 5. Nxe5 e6 6. Bb5+ Nbd7 7. d4 a6 8. Bxd7+ Bxd7 9. Bg5 Be7 10. dxc5 Bxc5 11. Bxf6 gxf6 12. Nxf7 Bxf2+ 13. Kxf2 Qb6+ 14. Ke1 Qe3+ 15. Qe2 Qxe2+ 16. Kxe2 Kxf7 17. Ne4 Bc6 18. Ke3 Rhg8 19. Rhf1 Bxe4 20. Kxe4 Rxg2 21. Rad1 Re8 22. Rd7+ Re7 23. Rfd1 Rxc2 24. Rxe7+ Kxe7 25. Rg1 Rxb2 26. Rg7+ Kd6 27. Rxh7 Rb4+ 28. Ke3 b5 29. h4 Ra4 30. h5 Ra3+ 31. Ke4 f5+ 32. Kf4 Ra4+ 33. Kg5 Rxa2 34. h6 Ke5 35. Ra7 Rh2 36. Kg6 f4 37. Rxa6 f3 38. Ra5 f2 39. Rxb5+ Kf4 40. Rb8 e5 41. Rf8+ Kg3 42. h7 e4 43. Rf5 e3 44. Rg5+ Kf3 45. Rh5 Rxh5 46. Kxh5 f1=Q 47. h8=Q Qh3+ 0-1


[Site "https://www.chess.com"]

[Event "Titled Tuesday Blitz November 08 Late 2022"]
[White "Kaplan, Avi Harrison"]
[Black "Bibilashvili, Lali"]
[WhiteFideId "30934559"]
[BlackFideId "13604236"]
[WhiteElo "1983"]
[BlackElo "1819"]
[Result "1-0"]
[Round "08"]
[TimeControl "180+1"]
[Date "2022.11.09"]
[WhiteClock "0:01:16"]
[BlackClock "0:00:38"]

1. d4 Nf6 2. c4 g6 3. Nc3 Bg7 4. e4 d6 5. Nge2 O-O 6. Ng3 Nbd7 7. Be2 e5 8. d5 a5 9. h4 h5 10. Bg5 Nc5 11. Bxh5 Qe8 12. Be2 Nh7 13. Be3 f5 14. Bxc5 dxc5 15. h5 g5 16. Nxf5 Bxf5 17. exf5 Rxf5 18. Bg4 Rf4 19. Qe2 e4 20. O-O-O Qe5 21. g3 Rxg4 22. Qxg4 Re8 23. Rhe1 Nf6 24. Qe2 a4 25. f3 a3 26. Nxe4 axb2+ 27. Kb1 Ra8 28. Nxf6+ Qxf6 29. Qe6+ Qxe6 30. dxe6 Kf8 31. Rd7 Bc3 32. Re3 Bd4 33. Re4 Ra3 34. e7+ Ke8 35. Rd8+ 1-0


[Site "https://www.chess.com"]

[Event "Titled Tuesday Blitz November 08 Late 2022"]
[White "Kavutskiy, Konstantin"]
[Black "Dudzinski, Pawel"]
[WhiteFideId "2026384"]
[BlackFideId "1117890"]
[WhiteElo "2338"]
[BlackElo "2086"]
[Result "1-0"]
[Round "08"]
[TimeControl "180+1"]
[Date "2022.11.09"]
[WhiteClock "0:00:57"]
[BlackClock "0:00:02"]

1. d4 f5 2. g3 Nf6 3. Bg2 g6 4. c4 Bg7 5. Nc3 O-O 6. Nf3 d6 7. O-O Qe8 8. b3 c6 9. Bb2 e5 10. dxe5 dxe5 11. Qc2 e4 12. Nd4 Nbd7 13. Rad1 Ne5 14. Ba3 Rf7 15. Bd6 Rd7 16. c5 Nf7 17. Bf4 Nd5 18. Nxd5 Rxd5 19. Be3 Ne5 20. h3 a5 21. a3 Bd7 22. Rd2 Rd8 23. Rfd1 Bc8 24. b4 axb4 25. axb4 h6 26. Qb3 Kh7 27. Nc2 Be6 28. Rxd5 Rxd5 29. Rxd5 Bxd5 30. Qa4 Qf7 31. Bd4 Bb3 32. Qa1 Nc4 33. Bxg7 Qxg7 34. Nd4 Ba4 35. e3 Bb5 36. Qa8 Ne5 37. Qe8 Nd3 38. h4 1-0


[Site "https://www.chess.com"]

[Event "Titled Tuesday Blitz November 08 Late 2022"]
[White "Kleiman, Jake"]
[Black "Goryachkina, Aleksandra"]
[WhiteFideId "2020041"]
[BlackFideId "4147103"]
[WhiteElo "2507"]
[BlackElo "2484"]
[Result "1-0"]
[Round "08"]
[TimeControl "180+1"]
[Date "2022.11.09"]
[WhiteClock "0:00:15"]
[BlackClock "0:00:01"]

1. e4 c5 2. c3 d5 3. exd5 Qxd5 4. d4 Nf6 5. Nf3 Bg4 6. Nbd2 Bxf3 7. Nxf3 e6 8. Be3 Nbd7 9. Be2 Be7 10. O-O O-O 11. h3 Rfd8 12. Re1 a6 13. a4 Rac8 14. a5 Qc6 15. Qb3 Nd5 16. Bd2 Qc7 17. Bc4 N7f6 18. Bf1 cxd4 19. Nxd4 Bc5 20. Ra4 h6 21. Bc1 Rd7 22. g3 Rcd8 23. Bg2 Kh8 24. Kf1 Ne7 25. Nf3 Nc6 26. Rh4 Nxa5 27. Qc2 Bf8 28. Bf4 Qc8 29. Ne5 Rc7 30. Bg5 Nc4 31. Ng4 Nxg4 32. Bxd8 Qxd8 33. Rxg4 b5 34. Rd4 Rd7 35. Red1 Rxd4 36. Rxd4 Qc7 37. b4 Be7 38. Qd3 Bf6 39. Rd7 Qb6 40. Rxf7 a5 41. Rf8# 1-0


[Site "https://www.chess.com"]

[Event "Titled Tuesday Blitz November 08 Late 2022"]
[White "Kobo, Ori"]
[Black "Mendez Fortes, Eduardo Jesus"]
[WhiteFideId "2812320"]
[BlackFideId "3502376"]
[WhiteElo "2447"]
[BlackElo "2307"]
[Result "1-0"]
[Round "08"]
[TimeControl "180+1"]
[Date "2022.11.09"]
[WhiteClock "0:00:10"]
[BlackClock "0:00:11"]

1. e4 e5 2. a3 Nf6 3. Nc3 Bc5 4. Nf3 d6 5. Bc4 O-O 6. d3 h6 7. Na4 Bb6 8. Nxb6 axb6 9. O-O c6 10. Bb3 Be6 11. Bxe6 fxe6 12. Re1 c5 13. c3 Nc6 14. Bd2 Qc7 15. b4 d5 16. exd5 exd5 17. b5 Na5 18. Nxe5 c4 19. Bf4 Qc8 20. Ng6 Rf7 21. Ne7+ Rxe7 22. Rxe7 Qf5 23. Be5 Nb3 24. Ra2 Qxd3 25. Qe1 Rf8 26. h3 Nc5 27. Rd2 Qf5 28. Qe3 Nce4 29. Re2 Ra8 30. f3 Nc5 31. Bxf6 Qxf6 32. Re8+ Rxe8 33. Qxe8+ Kh7 34. Qe5 Qd8 35. Qf5+ Kg8 36. Qg6 Kf8 37. Re5 Nd3 38. Rf5+ Kg8 39. Qf7+ Kh7 40. Rxd5 Qh4 41. Qf5+ g6 42. Qf7+ Kh8 43. Qe8+ Kg7 44. Rd7+ Kf6 45. Qe7+ Kf5 46. Qxh4 1-0


[Site "https://www.chess.com"]

[Event "Titled Tuesday Blitz November 08 Late 2022"]
[White "Kopacz, Grzegorz"]
[Black "Arbunic Castro, Giovanna"]
[WhiteFideId "1109880"]
[BlackFideId "3400549"]
[WhiteElo "2037"]
[BlackElo "1888"]
[Result "1-0"]
[Round "08"]
[TimeControl "180+1"]
[Date "2022.11.09"]
[WhiteClock "0:01:56"]
[BlackClock "0:00:15"]

1. d4 Nf6 2. c4 g6 3. Nc3 Bg7 4. e4 d6 5. f3 O-O 6. Be3 c6 7. Qd2 e5 8. d5 cxd5 9. cxd5 Qa5 10. Nge2 Nbd7 11. Nc1 Nc5 12. Be2 Nh5 13. O-O f5 14. a3 Qd8 15. b4 Nd7 16. Nb3 f4 17. Bf2 g5 18. Nb5 Ndf6 19. Rac1 Rf7 20. Nxa7 Bd7 21. Na5 b6 22. N5c6 Rxa7 23. Nxd8 1-0


[Site "https://www.chess.com"]

[Event "Titled Tuesday Blitz November 08 Late 2022"]
[White "Korchmar, Vasiliy"]
[Black "Zhigalko, Sergei"]
[WhiteFideId "24131750"]
[BlackFideId "13502956"]
[WhiteElo "2370"]
[BlackElo "2662"]
[Result "1-0"]
[Round "08"]
[TimeControl "180+1"]
[Date "2022.11.08"]
[WhiteClock "0:00:03"]
[BlackClock "0:00:01"]

1. e4 c5 2. Nf3 Nc6 3. d4 cxd4 4. Nxd4 Nf6 5. Nc3 e5 6. Ndb5 d6 7. Nd5 Nxd5 8. exd5 Nb8 9. a4 Be7 10. Be2 O-O 11. O-O Nd7 12. Kh1 f5 13. f4 Kh8 14. Be3 a6 15. Na3 exf4 16. Bxf4 Ne5 17. Bxe5 dxe5 18. Nc4 Bf6 19. a5 e4 20. c3 Bd7 21. Nb6 Be5 22. g3 Rb8 23. Qd2 Bd6 24. Rad1 Qe7 25. Nc4 Rbe8 26. b4 e3 27. Qd4 Bb5 28. Nxd6 Bxe2 29. Nxe8 Rxe8 30. d6 Qd7 31. c4 h6 32. c5 Re4 33. Qd5 Bxd1 34. Rxd1 Rxb4 35. Re1 Re4 36. g4 g6 37. gxf5 gxf5 38. Rg1 Re8 39. Qd4+ Kh7 40. Qf6 Rg8 41. Rxg8 Kxg8 42. Qg6+ Qg7 43. Qe6+ Qf7 44. Qxe3 Qd5+ 45. Kg1 f4 46. Qe8+ Kg7 47. Qe7+ Kg6 48. d7 Qd1+ 49. Kf2 Qd2+ 50. Kf1 Qd1+ 51. Kf2 Qd2+ 52. Kf3 Qd5+ 53. Kxf4 Qd2+ 54. Ke5 Qe3+ 55. Kd6 Qf4+ 56. Kd5 Qd2+ 57. Ke6 Qe3+ 58. Kd6 Qf4+ 59. Qe5 Qf8+ 60. Kc7 Qf7 61. Qd6+ Kh5 62. Kc8 Qf5 63. Kxb7 Qe4+ 64. Kxa6 Qb4 65. d8=Q 1-0


[Site "https://www.chess.com"]

[Event "Titled Tuesday Blitz November 08 Late 2022"]
[White "Kosakowski, Jakub"]
[Black "Kanakaris, Georgios"]
[WhiteFideId "1185080"]
[BlackFideId "4209460"]
[WhiteElo "2463"]
[BlackElo "2291"]
[Result "1-0"]
[Round "08"]
[TimeControl "180+1"]
[Date "2022.11.08"]
[WhiteClock "0:00:34"]
[BlackClock "0:00:55"]

1. e4 e6 2. d4 d5 3. Bd3 c5 4. exd5 exd5 5. Nf3 c4 6. Be2 Nf6 7. O-O Bd6 8. b3 cxb3 9. axb3 O-O 10. Bg5 h6 11. Bh4 Nc6 12. c3 Re8 13. Nbd2 g5 14. Bg3 Ne4 15. Nxe4 Rxe4 16. Bd3 Bg4 17. h3 Bh5 18. Bxd6 Qxd6 19. Bxe4 dxe4 20. g4 exf3 21. gxh5 g4 22. Kh1 f5 23. Rg1 Kh8 24. hxg4 fxg4 25. Rxg4 Qd5 26. Rh4 Rg8 27. Qd2 Kh7 28. Qd3+ Kh8 29. Qe3 Kh7 30. Re1 Qf5 31. Qe4 Qxe4 32. Rexe4 Rg2 33. Rh2 1-0


[Site "https://www.chess.com"]

[Event "Titled Tuesday Blitz November 08 Late 2022"]
[White "Krishnan, Varun"]
[Black "Wirig, Anthony"]
[WhiteFideId "5054508"]
[BlackFideId "615013"]
[WhiteElo "2549"]
[BlackElo "2487"]
[Result "0-1"]
[Round "08"]
[TimeControl "180+1"]
[Date "2022.11.09"]
[WhiteClock "0:00:33"]
[BlackClock "0:00:31"]

1. e4 c5 2. Nf3 e6 3. d4 cxd4 4. Nxd4 Nf6 5. Nc3 Nc6 6. Ndb5 Bc5 7. Bf4 O-O 8. Bc7 Qe7 9. Bd6 Bxd6 10. Qxd6 Qd8 11. Qd2 d5 12. exd5 exd5 13. O-O-O a6 14. Nd4 Re8 15. Nxc6 bxc6 16. Bd3 c5 17. Rhe1 Be6 18. Qg5 h6 19. Qg3 Rb8 20. Kb1 Qa5 21. b3 Kh8 22. Bf1 d4 23. Ne4 Nd5 24. Bc4 Nb4 25. Bd3 Qxa2+ 26. Kc1 Bxb3 27. Nd6 Qa1+ 28. Kd2 Qc3+ 29. Kc1 Na2+ 30. Kb1 Bxc2+ 31. Kxa2 Qb2# 0-1


[Site "https://www.chess.com"]

[Event "Titled Tuesday Blitz November 08 Late 2022"]
[White "Kumala, Aleksander"]
[Black "Ibarra Jerez, Jose Carlos"]
[WhiteFideId "1141880"]
[BlackFideId "2226332"]
[WhiteElo "2269"]
[BlackElo "2638"]
[Result "0-1"]
[Round "08"]
[TimeControl "180+1"]
[Date "2022.11.09"]
[WhiteClock "0:01:20"]
[BlackClock "0:01:00"]

1. d4 Nf6 2. Bg5 c5 3. d5 Ne4 4. h4 Qb6 5. Nd2 Nxd2 6. Bxd2 d6 7. e4 Nd7 8. Nf3 Nf6 9. Bd3 c4 10. Bxc4 Nxe4 11. O-O Nxd2 12. Qxd2 Bg4 13. Qf4 Bxf3 14. Qxf3 g6 15. Qc3 Rg8 16. Bb3 Bg7 17. Ba4+ Kf8 18. Qf3 Bf6 19. Rfe1 Kg7 20. h5 Rac8 21. Bb3 gxh5 22. Qxh5 Kh8 23. c3 Rg5 24. Qxf7 Rcg8 25. Rxe7 Rxg2+ 26. Kh1 Rh2+ 27. Kxh2 Qxf2+ 28. Kh1 Qg2# 0-1


[Site "https://www.chess.com"]

[Event "Titled Tuesday Blitz November 08 Late 2022"]
[White "Ladan, Nicholas"]
[Black "Gritsenko, Nikolai"]
[WhiteFideId "30918855"]
[BlackFideId "14112493"]
[WhiteElo "2167"]
[BlackElo "2389"]
[Result "1-0"]
[Round "08"]
[TimeControl "180+1"]
[Date "2022.11.09"]
[WhiteClock "0:00:13"]
[BlackClock "0:00:18"]

1. b3 d5 2. Bb2 c6 3. e4 dxe4 4. Nc3 Nf6 5. Nge2 Bf5 6. Ng3 Bg6 7. Qe2 Nbd7 8. Ngxe4 e6 9. O-O-O Qa5 10. g4 Ba3 11. f4 O-O-O 12. Bg2 Nd5 13. Rhf1 Rhe8 14. Kb1 f6 15. Qf2 N7b6 16. f5 Bf7 17. g5 exf5 18. Qxf5+ Be6 19. Qxh7 Nc4 20. Ba1 Bb4 21. bxc4 Nb6 22. Bh3 Nxc4 23. Bxe6+ Rxe6 24. Qf5 Qxf5 25. Rxf5 Bxc3 26. Nxc3 b5 27. Kc1 b4 28. Na4 Rd5 29. Rxd5 cxd5 30. gxf6 gxf6 31. Nc5 Re2 32. Nd3 a5 33. Bxf6 Rxh2 34. Bb2 Kd7 35. c3 bxc3 36. Bxc3 Kc7 37. Nb2 Nd6 38. Kc2 Kc6 39. Rf1 Kb5 40. Rf6 Ne4 41. Rf5 Kc6 42. Nd3 d4 43. Ne5+ Kd5 44. Nf3+ Ke6 45. Nxh2 dxc3 46. d3 Kxf5 47. dxe4+ Kxe4 48. Kxc3 Kd5 49. Kb3 Kc6 50. Ka3 Kb6 51. Nf1 Kb5 52. Nd2 Kc5 53. Nb3+ Kb6 54. Ka4 Ka6 55. Nxa5 Kb6 56. Nb3 Ka7 57. Kb4 Kb7 58. a4 Kb6 59. a5+ Ka7 60. Nc5 Ka8 61. Kb5 Kb8 62. a6 Ka7 63. Na4 Ka8 64. Kb6 Kb8 65. Nc3 Ka8 66. Nb5 Kb8 67. a7+ Kc8 68. a8=Q+ Kd7 69. Qe4 1-0


[Site "https://www.chess.com"]

[Event "Titled Tuesday Blitz November 08 Late 2022"]
[White "Lazavik, Denis"]
[Black "Terry, Renato"]
[WhiteFideId "13515110"]
[BlackFideId "3803457"]
[WhiteElo "2483"]
[BlackElo "2577"]
[Result "1/2-1/2"]
[Round "08"]
[TimeControl "180+1"]
[Date "2022.11.08"]
[WhiteClock "0:00:49"]
[BlackClock "0:01:09"]

1. d4 d5 2. c4 dxc4 3. Nf3 Nf6 4. e3 e6 5. Bxc4 a6 6. O-O c5 7. b3 b5 8. Be2 Bb7 9. Bb2 Nc6 10. a4 b4 11. dxc5 Bxc5 12. Nbd2 O-O 13. Qc2 Be7 14. Ne4 Na5 15. Bxf6 Bxf6 16. Rad1 Bxe4 17. Qxe4 Qb6 18. Nd2 Rad8 19. Nc4 Nxc4 20. Bxc4 a5 21. g3 g6 22. Kg2 Kg7 23. h4 h5 24. Be2 Qc5 25. Rc1 Bc3 26. Rfd1 Qc7 27. Qc4 Qxc4 28. Bxc4 Kf6 29. Kf3 Ke5 30. Ke2 Kf6 31. Rd3 Rxd3 32. Bxd3 Rd8 33. Rd1 Ke7 34. Bc4 Rxd1 35. Kxd1 Kf6 1/2-1/2


[Site "https://www.chess.com"]

[Event "Titled Tuesday Blitz November 08 Late 2022"]
[White "Levine, David"]
[Black "Silva, Caio Henrique Angelico"]
[WhiteFideId "2011611"]
[BlackFideId "22777210"]
[WhiteElo "2190"]
[BlackElo "1990"]
[Result "1/2-1/2"]
[Round "08"]
[TimeControl "180+1"]
[Date "2022.11.09"]
[WhiteClock "0:00:03"]
[BlackClock "0:00:04"]

1. d4 Nf6 2. c4 g6 3. g3 Bg7 4. Bg2 O-O 5. Nf3 d6 6. O-O Nbd7 7. Nc3 e5 8. e4 a6 9. h3 Rb8 10. a4 c6 11. d5 cxd5 12. cxd5 Nc5 13. Qc2 b5 14. axb5 axb5 15. b4 Ncd7 16. Qd3 h6 17. Be3 Qe7 18. Nxb5 Nxe4 19. Na7 f5 20. Nc6 Qe8 21. Nxb8 Nxb8 22. b5 Nd7 23. Qc4 Nec5 24. Bxc5 Nxc5 25. Ra7 Bd7 26. Rb1 Qb8 27. b6 f4 28. Nd2 fxg3 29. fxg3 Rc8 30. Ne4 Nxe4 31. Qxe4 Bf5 32. Qe1 Bxb1 33. Qxb1 e4 34. Bxe4 Bd4+ 35. Kh2 Bxb6 36. Re7 Rc7 37. Rxc7 Qxc7 38. Bxg6 Qc5 39. Qc2 Qxd5 40. Be4 Qd4 41. Qg2 Kg7 42. h4 Qe5 43. Kh3 Bc7 44. Bd5 Bb6 45. Qf3 Bd4 46. Qg4+ Kf8 47. Qe6 Qxe6+ 48. Bxe6 Ke7 49. Bd5 Kf6 50. g4 Be3 51. g5+ hxg5 52. hxg5+ Bxg5 53. Kg4 Bc1 54. Bc6 Ke5 55. Kf3 d5 56. Bxd5 1/2-1/2


[Site "https://www.chess.com"]